 Dungeon Crawl Stone Soup version 0.22-a0-392-g5dc3fd9af9 (webtiles) character file.

2302 P0ring the Basher (level 9, 0/79 HPs)
             Began as a Minotaur Berserker on May 2, 2018.
             Was a High Priest of Trog.
             Slain by a two-headed ogre
             ... wielding a +0 giant club
              (27 damage)
             ... on level 8 of the Dungeon.
             The game lasted 00:16:17 (7169 turns).

P0ring the Basher (Minotaur Berserker)              Turns: 7169, Time: 00:16:17

Health: 0/79       AC:  4    Str: 24    XL:     9   Next: 17%
Magic:  8/8        EV: 15    Int:  4    God:    Trog [*****.]
Gold:   348        SH:  0    Dex: 11    Spells: 8/8 levels left

rFire    + . .     SeeInvis .   a - +1 mace
rCold    + + .     Gourm    .   (no shield)
rNeg     . . .     Faith    +   b - +0 animal skin
rPois    .         Spirit   .   (helmet restricted)
rElec    .         Reflect  .   D - scarf {rC+ rF+}
rCorr    +         Harm     .   (no gloves)
MR       .....                  n - +1 pair of boots
Stlth    +.........             y - amulet of faith
HPRegen  0.23/turn              g - ring of resist corrosion
MPRegen  0.11/turn              j - ring of protection from cold

@: no status effects
A: retaliatory headbutt, horns 2
a: Berserk, Trog's Hand, Brothers in Arms, Renounce Religion


You were on level 8 of the Dungeon.
You worshipped Trog.
Trog was extremely pleased with you.
You were not hungry.

You visited 1 branch of the dungeon, and saw 8 of its levels.

You collected 348 gold pieces.

Inventory:

Hand Weapons
 a - a +1 mace (weapon)
Armour
 b - a +0 animal skin (worn)
 n - a +1 pair of boots (worn)
 u - a +0 cloak
 D - a scarf of resistance (worn)
Jewellery
 g - a ring of resist corrosion (left hand)
 h - an uncursed ring of ice
 j - a ring of protection from cold (right hand)
 v - an uncursed amulet of guardian spirit
 y - an amulet of faith (around neck)
Wands
 t - a wand of flame (21)
 w - a wand of random effects (35)
 z - a wand of digging (4)
Scrolls
 d - a scroll of teleportation
 f - 5 scrolls of identify
 k - 3 scrolls of fog
 l - a scroll of remove curse
 A - a scroll of magic mapping
 E - a scroll of vulnerability {unknown}
 G - a scroll of enchant armour
Potions
 e - a potion of mutation {unknown}
 i - 2 potions of lignification {unknown}
 m - a potion of flight {unknown}
 o - a potion of invisibility {unknown}
 p - 2 potions of haste {unknown}
 q - a potion of berserk rage {unknown}
 r - 3 potions of brilliance {unknown}
 s - 3 potions of curing {unknown}
 x - 2 potions of cancellation {unknown}
 B - 2 potions of agility {unknown}
Comestibles
 c - 16 rations
 C - 2 chunks of flesh


   Skills:
 + Level 7.5 Fighting
 * Level 10.0 Maces & Flails
 + Level 6.9 Armour
 + Level 6.3 Dodging


You had 8 spell levels left.
You didn't know any spells.

Dungeon Overview and Level Annotations

Branches:
Dungeon (8/15)             Temple (0/1) D:4
   Lair: D:8-11

Altars:
Dithmenos
Elyvilon
Fedhas
Gozag
Hepliaklqana
Okawaru
Qazlal
Ru
Xom
Yredelemnul

Shops:
D:8 ?=


Innate Abilities, Weirdness & Mutations

You reflexively headbutt those who attack you in melee.
You have a pair of horns on your head.


Message History

The two-headed ogre closely misses you. x2
You barely miss the two-headed ogre. You sock the two-headed ogre!
The two-headed ogre is lightly wounded.
The two-headed ogre closely misses you. The two-headed ogre barely misses you.
Unknown command.
You sock the two-headed ogre! You headbutt the two-headed ogre!
The two-headed ogre is heavily wounded.
The two-headed ogre misses you. x2
You hit the two-headed ogre but do no damage.
You headbutt the two-headed ogre.
The two-headed ogre is heavily wounded.
You barely miss the two-headed ogre.
The two-headed ogre is heavily wounded.
The two-headed ogre hits you with a giant club!!!
The two-headed ogre misses you.
You thump the two-headed ogre!
The two-headed ogre is severely wounded.
The two-headed ogre hits you with a giant club!!
You die...

..#####.########
................
#.#####.####..##
#####.# #.....#
#.....####..
#<........∩..
#.....####.<#
#...@.# ###O###
#. #. .. ##


You could see a two-headed ogre.

Vanquished Creatures
  A spriggan (D:7)
  The ghost of Laan the Conjurer, an amateur DECj (D:4)
  Sigmund (D:2)
  Menkaure (D:4)
  Duvessa (D:5)
  A phantom (D:7)
  An eye of draining (D:8)
  An ice beast (D:7)
  2 ogres
  2 bullfrogs (D:6)
  Dowan (D:5)
  A bullfrog zombie (D:6)
  A hound (D:4)
  3 crimson imps
  A centaur zombie (D:6)
  4 orc priests
  4 orc wizards
  Crazy Yiuf (D:3)
  A bullfrog skeleton (D:6)
  A centaur skeleton (D:5)
  7 worker ants
  A hound skeleton (D:5)
  A worker ant zombie (D:5)
  7 gnolls
  9 adders
  4 shadow imps
  An adder skeleton (D:7)
  3 worms
  A dart slug (D:1)
  4 leopard geckos
  23 orcs
  4 bats
  8 giant cockroaches
  10 goblins
  11 hobgoblins
  7 jackals
  11 kobolds
  2 quokkas
  2 ball pythons
  2 frilled lizards
  A jackal skeleton (D:4)
  3 rats
152 creatures vanquished.

Notes
Turn   | Place    | Note
-------+----------+-------------------------------------------
     0 | D:1      | P0ring the Minotaur Berserker began the quest for the Orb.
     0 | D:1      | Reached XP level 1. HP: 19/19 MP: 0/0
     1 | D:1      | Noticed an electric eel
   405 | D:1      | Reached skill level 4 in Maces & Flails
   409 | D:1      | Reached XP level 2. HP: 25/27 MP: 1/1
   840 | D:2      | Reached XP level 3. HP: 22/33 MP: 2/2
  1141 | D:2      | Reached ** piety under Trog
  1483 | D:2      | Noticed Sigmund
  1497 | D:2      | Killed Sigmund
  1497 | D:2      | Reached skill level 5 in Maces & Flails
  1497 | D:2      | Reached XP level 4. HP: 38/41 MP: 3/3
  1497 | D:2      | Reached XP level 5. HP: 43/47 MP: 4/4
  1894 | D:2      | Found an iron altar of Okawaru.
  2416 | D:3      | Found a runed door.
  2434 | D:3      | Found a blossoming altar of Fedhas.
  2451 | D:3      | Found a stormy altar of Qazlal.
  2731 | D:3      | Found an opulent altar of Gozag.
  2860 | D:3      | Noticed Crazy Yiuf
  2866 | D:3      | Killed Crazy Yiuf
  2866 | D:3      | Reached skill level 5 in Fighting
  2866 | D:3      | Reached XP level 6. HP: 56/56 MP: 5/5
  2917 | D:4      | Found a staircase to the Ecumenical Temple.
  3066 | D:4      | Found a sacrificial altar of Ru.
  3116 | D:4      | Reached skill level 6 in Maces & Flails
  3297 | D:4      | Noticed Menkaure
  3304 | D:4      | Killed Menkaure
  3467 | D:4      | Noticed Laan's ghost (amateur DECj)
  3478 | D:4      | Killed Laan's ghost
  3478 | D:4      | Reached *** piety under Trog
  3478 | D:4      | Reached XP level 7. HP: 61/61 MP: 6/6
  3478 | D:4      | Reached skill level 7 in Maces & Flails
  3629 | D:4      | Found a shimmering altar of Xom.
  3773 | D:5      | Entered Level 5 of the Dungeon
  3924 | D:5      | Noticed Dowan
  3925 | D:5      | Noticed Duvessa
  3934 | D:5      | Killed Duvessa
  3934 | D:5      | Reached skill level 5 in Armour
  3938 | D:5      | Killed Dowan
  4760 | D:6      | Reached XP level 8. HP: 30/70 MP: 7/7
  4797 | D:6      | HP: 2/70 [ogre/giant club (24)]
  4801 | D:5      | Reached skill level 8 in Maces & Flails
  4801 | D:5      | Reached skill level 5 in Dodging
  5126 | D:6      | Reached **** piety under Trog
  5307 | D:6      | Found a shadowy altar of Dithmenos.
  5991 | D:6      | Reached skill level 9 in Maces & Flails
  6171 | D:7      | Found a hazy altar of Hepliaklqana.
  6357 | D:7      | Reached ***** piety under Trog
  6418 | D:7      | Found a white marble altar of Elyvilon.
  6474 | D:7      | Found a basalt altar of Yredelemnul.
  6535 | D:7      | Reached XP level 9. HP: 47/79 MP: 8/8
  6975 | D:8      | Found Ducac's Magic Scroll Shop.
  7001 | D:8      | Reached skill level 10 in Maces & Flails
  7157 | D:8      | Found Fast's Jewellery Boutique.
  7157 | D:8      | Noticed a two-headed ogre
  7169 | D:8      | Slain by a two-headed ogre

Vault maps used:
D:1:      arrival_aquarium_a
D:2:      kennysheep_okawaru_gauntlet, uniq_sigmund
D:3:      grunt_temple_overflow_forces_of_nature, lemuel_doored_altar,
          first_ration, uniq_crazy_yiuf_cottage
D:4:      corexii_shack_village, nicolae_overflow_hidden_temple,
          minmay_temple_entry_statues_pillars, nicolae_ru_sacrificial_ziggurat,
          uniq_menkaure
D:5:      uniq_duvessa
D:6:      grunt_dithmenos_smoke_and_mirrors
D:7:      kennysheep_ying_yang, lemuel_round_altar, the_bakery
D:8:      lemuel_coloured_pillars_altar, serial_shops, shop, nicolae_shop_stone,
          nicolae_shop_waterfront, shop, nicolae_shop_waterfront,
          minmay_misc_feat_iff

Skill      XL: |  1  2  3  4  5  6  7  8  9 |
---------------+----------------------------+-----
Maces & Flails | 4 5 6 7 9 10 | 10.0
Fighting       | 4 5 6 7 |  7.5
Armour         | 3 4 5 6 |  6.9
Dodging        | 3 4 6 |  6.3

Action                   |  1- 3 |  4- 6 |  7- 9 || total
-------------------------+-------+-------+-------++-------
Melee: Mace              |    58 |    87 |   236 ||   381
       Headbutt          |    10 |     8 |    53 ||    71
Invok: Berserk           |     1 |     3 |     4 ||     8
  Use: Scroll            |       |     6 |     5 ||    11
       Potion            |       |       |     3 ||     3
 Stab: Sleeping          |       |     1 |       ||     1
       Distracted        |       |       |     1 ||     1
  Eat: Chunk             |     2 |     8 |    14 ||    24
       Ration            |       |       |     1 ||     1
Armor: Animal skin       |    17 |    21 |    32 ||    70
Dodge: Dodged            |    44 |    60 |   135 ||   239

Table legend:
 A = Spawn XP
 B = Non-spawn XP
 C = Spawn XP percentage of total XP
 D = Spawn monster count
 E = Non-spawn monster count
 F = Spawn count percentage of total count
 G = Total turns spent on level
                    A         B        C        D         E        F      G
               +---------+---------+-------+---------+---------+-------+---------
         Total |       0 |    3289 |   0.0 |       0 |     152 |   0.0 |  7169
               +---------+---------+-------+---------+---------+-------+---------
           D:1 |       0 |      26 |   0.0 |       0 |      15 |   0.0 |   815
           D:2 |       0 |     301 |   0.0 |       0 |      24 |   0.0 |  1383
           D:3 |       0 |      85 |   0.0 |       0 |      21 |   0.0 |   696
           D:4 |       0 |     507 |   0.0 |       0 |      20 |   0.0 |   879
           D:5 |       0 |     489 |   0.0 |       0 |      14 |   0.0 |  1205
           D:6 |       0 |     776 |   0.0 |       0 |      26 |   0.0 |  1106
           D:7 |       0 |     793 |   0.0 |       0 |      22 |   0.0 |   891
           D:8 |       0 |     312 |   0.0 |       0 |      10 |   0.0 |   194
               +---------+---------+-------+---------+---------+-------+---------
